 Dungeon Crawl Stone Soup version 0.30-a0-1163-gf69bf04e7a (webtiles) character file.

Game seed: 2379275656472588446

18 voltaire321 the Sneak (level 2, 0/16 HPs)
             Began as a Kobold Enchanter on Apr 29, 2023.
             Slain by a gnoll
             ... wielding a +0 spear
              (7 damage)
             ... on level 1 of the Dungeon.
             The game lasted 00:01:23 (467 turns).

voltaire321 the Sneak (Kobold Enchanter)             Turns: 467, Time: 00:01:23

Health: 0/16       AC:  2    Str:  5    XL:     2   Next: 90%
Magic:  5/5        EV: 15    Int: 16    God:
Gold:   46         SH:  0    Dex: 15    Spells: 3/5 levels left

rFire   . . .        a - +1 dagger
rCold   . . .        (no shield)
rNeg    . . .        b - +0 robe
rPois   .            (no helmet)
rElec   .            (no cloak)
rCorr   .            (no gloves)
SInv    .            (no boots)
Will    .....        (no amulet)
Stlth   ++++         (no ring)
HPRegen 0.22/turn    (no ring)
MPRegen 0.09/turn

%: no passive effects
@: no status effects
A: small, no large weapons, nightstalker 3
a: no special abilities


You were on level 1 of the Dungeon.
You visited 1 branch of the dungeon, and saw 1 of its levels.

You collected 46 gold pieces.

Inventory:

Hand Weapons
 a - a +1 dagger (weapon)
Missiles
 d - 4 poisoned darts (quivered)
Armour
 b - a +0 robe (worn)
Scrolls
 e - 2 scrolls of noise {unknown}
 f - a scroll of silence {unknown}
 j - a scroll of blinking {unknown}
 k - a scroll of identify {unknown}
Potions
 c - 2 potions of invisibility
 g - a potion of heal wounds {unknown}
 h - a potion of berserk rage {unknown}
 i - a potion of haste {unknown}
 l - a potion of curing {unknown}


   Skills:
 + Level 0.5 Fighting
 + Level 1.8 Short Blades
 + Level 0.3 Armour
 + Level 2.6 Dodging
 * Level 4.3 Stealth
 + Level 2.3 Spellcasting
 + Level 3.1 Hexes
 + Level 0.2 Ice Magic


You had 3 spell levels left.
You knew the following spells:

 Your Spells              Type           Power      Damage    Failure   Level
a - Ensorcelled Hibernat  Hex/Ice        14%        N/A       16%         2

Your spell library contained the following spells:

 Spells                   Type           Power      Damage    Failure   Level
 Confusing Touch          Hex            11%        N/A       17%         3
 Tukima's Dance           Hex            11%        N/A       17%         3
 Cigotuvi's Dreadful Rot  Necr/Pois/Air  2%         N/A       30%         2
 Dazzling Flash           Conj/Hex       12%        N/A       32%         3
 Ignite Poison            Fire/Tmut/Pois 1%         N/A       52%         3
 Freezing Cloud           Conj/Ice/Air   1%         6-21      99%         5


Dungeon Overview and Level Annotations

Branches:
Dungeon (1/15)

Altars:


Innate Abilities, Weirdness & Mutations

You are small and have problems with some larger weapons.
You are completely attuned to the shadows.


Message History

A gnoll comes into view. It is wielding a +0 spear.
You hit the endoplasm.
The endoplasm is heavily wounded.
The endoplasm hits you.
You hit the endoplasm.
You kill the endoplasm!
You see here 8 gold pieces.
You see here a frilled lizard corpse.
You barely miss the goblin.
The gnoll hits you from afar with a +0 spear!
The goblin closely misses you.
You hit the goblin.
The goblin is heavily wounded.
The gnoll closely misses you. The goblin hits you with a +0 club.
You miss the goblin.
The goblin is heavily wounded.
The goblin completely misses you.
Throw: 6 darts (poison)
Press: ? - help, Q - select action, (/) - cycle Shift-Dir - straight line, f - goblin
Aim: a goblin, wielding a +0 club (heavily wounded, 50% to hit)
You throw a poisoned dart. The poisoned dart hits the goblin.
The goblin is poisoned.
The goblin is heavily wounded.
The goblin completely misses you. The goblin attacks as you move away!
The goblin barely misses you.
You hit the goblin.
The goblin is severely wounded.
The goblin misses you.
You hit the goblin.
You kill the goblin!
The gnoll hits you from afar with a +0 spear.
You see here a +0 club.
The gnoll hits you with a +0 spear.
Throw: 5 darts (poison)
Press: ? - help, Q - select action, (/) - cycle Shift-Dir - straight line, f - gnoll
Aim: a gnoll, wielding a +0 spear (61% to hit)
You throw a poisoned dart. The poisoned dart hits the gnoll.
The gnoll is poisoned.
The gnoll hits you with a +0 spear!
You die...

###...P# . #...PP.##
.# ##.....P###.##
#....†P#.....
#####†.......
#.††$......
##(##.....$
#######.g#...... #..
........@...... #.#
#.#####.#).....
####.###.#####.#.####
#....##..........#
#..##..#####.###
#...#..### #.# ###
###....... ..# #..
#...#.>####### #.#
#..##...... #.#


You could see a gnoll (poisoned).

Vanquished Creatures
  A dart slug (D:1)
  An endoplasm (D:1)
  3 goblins (D:1)
  A hobgoblin (D:1)
  4 bats (D:1)
  6 frilled lizards (D:1)
  A kobold (D:1)
17 creatures vanquished.

Vanquished Creatures (others)
  3 plants (D:1)
3 creatures vanquished.

Grand Total: 20 creatures vanquished

Notes
Turn   | Place    | Note
-------+----------+-------------------------------------------
     0 | D:1      | voltaire321 the Kobold Enchanter began the quest for the
                  | Orb.
     0 | D:1      | Reached XP level 1. HP: 10/10 MP: 3/3
   202 | D:1      | Reached XP level 2. HP: 10/15 MP: 5/5
   209 | D:1      | Learned a level 2 spell: Ensorcelled Hibernation
   467 | D:1      | Slain by a gnoll

Illustrated notes

Levels and vault maps discovered:
D:1:      lemuel_arrival_cross, layout_loops_ring, minmay_lizard_king

Action                     || total
---------------------------++-------
  Melee: Dagger            ||    45
  Throw: Dart              ||     2
   Stab: Sleeping          ||     6
 Armour: Robe              ||     6
  Dodge: Dodged            ||    30

Table legend: (Time is in decaauts)
 A = Elapsed time spent in this place.
 B = Non-inter-level travel time spent in this place.
 C = Inter-level travel time spent in this place.
 D = Time resting spent in this place.
 E = Time spent auto-exploring this place.
 F = Levels seen in this place.
 G = Mean time per level.
                   A        B        C        D        E       F      G
               +--------+--------+--------+--------+--------+-----+--------+
         Total |    463 |    463 |      0 |      9 |    318 |   1 |  463.0 |
       Dungeon |    463 |    463 |      0 |      9 |    318 |   1 |  463.0 |
               +--------+--------+--------+--------+--------+-----+--------+

Top non-repeatable levels by time:
     D:1: 463 daAuts
